 Dungeon Crawl Stone Soup version 0.28-a0-872-g80cf8599ee (webtiles) character file.

Game seed: 10877922332398093614

119 pokeman the Magician (level 4, -10/25 HPs)
             Began as a Deep Elf Hedge Wizard on Nov 20, 2021.
             Mangled by an orc warrior (24 damage)
             ... on level 3 of the Dungeon.
             The game lasted 00:05:27 (2652 turns).

pokeman the Magician (Deep Elf Hedge Wizard)        Turns: 2652, Time: 00:05:27

Health: -10/25     AC:  3    Str:  7    XL:     4   Next: 74%
Magic:  3/13       EV: 12    Int: 20    God:
Gold:   48         SH:  0    Dex: 14    Spells: 3/14 levels left

rFire   . . .      SeeInvis .   d - +0 mace
rCold   . . .      Faith    .   (no shield)
rNeg    . . .      Spirit   .   i - +0 leather armour
rPois   .          Reflect  .   c - +0 hat
rElec   .          Harm     .   (no cloak)
rCorr   .          Rampage  .   (no gloves)
Will    .....                   (no boots)
Stlth   ++........              (no amulet)
HPRegen 0.08/turn               (no ring)
MPRegen 0.13/turn               (no ring)

@: no status effects
A: no striking features
a: no special abilities


You were on level 3 of the Dungeon.
You visited 1 branch of the dungeon, and saw 3 of its levels.

You collected 48 gold pieces.

Inventory:

Hand Weapons
 d - a +0 mace (weapon)
Armour
 c - a +0 hat (worn)
 i - a +0 leather armour (worn)
Wands
 k - a wand of iceblast (5)
Scrolls
 a - a scroll of teleportation {unknown}
 f - 2 scrolls of amnesia {unknown}
 g - a scroll of enchant weapon {unknown}
 h - a scroll of identify {unknown}
Potions
 b - 2 potions of degeneration {unknown}
 e - 2 potions of curing {unknown}
 j - a potion of resistance {unknown}


   Skills:
 - Level 1.2 Fighting
 - Level 1.2 Armour
 + Level 2.6 Dodging
 - Level 2.4 Stealth
 * Level 5.8 Spellcasting
 + Level 2.3 Conjurations
 - Level 1.1 Summonings
 - Level 1.1 Translocations
 + Level 0.5 Fire Magic


You had 3 spell levels left.
You knew the following spells:

 Your Spells              Type           Power      Damage    Failure   Level
a - Magic Dart            Conj           60%        1d6       6%          1
b - Mephitic Cloud        Conj/Pois/Air  9%         N/A       32%         3
c - Call Imp              Summ           10%        N/A       16%         2
d - Blink                 Tloc           20%        N/A       16%         2
e - Conjure Flame         Conj/Fire      11%        6-21      26%         3

Your spell library contained the following spells:

 Spells                   Type           Power      Damage    Failure   Level
 Slow                     Hex            20%        N/A       16%         1
 Corpse Rot               Necr/Air       10%        N/A       24%         2
 Dispel Undead            Necr           5%         3d7       83%         4
 Death Channel            Necr           2%         N/A       100%        6


Dungeon Overview and Level Annotations

Branches:
Dungeon (3/15)

Altars:
Fedhas

Shops:
D:1 ?   D:2 ?


Message History

The orc warrior is engulfed in noxious fumes.
The orc warrior appears confused.
The orc wizard casts a spell at you. The magic dart hits you!
An orc comes into view. It is wielding a +0 hand axe.
The orc shouts!
The fire ignites!
Casting: Conjure Flame (extremely dangerous; 26% risk of failure)
Confirm with . or Enter, or press ? or * to list all spells.
The spell is extremely dangerous to cast (32% risk of failure)!
Continue anyway?
Aiming: Mephitic Cloud (extremely dangerous; 32% risk of failure)
Press: ? - help, Shift-Dir - straight line, f - orc wizard, p - orc warrior
Aim: an orc wizard, wielding a +4 dagger and wearing a +0 robe (chance to affect: 86%)
The ball explodes into a vile cloud!
The stinking cloud engulfs the orc wizard but does no damage.
You feel stable enough to blink again.
You hear a shout!
An orc comes into view. It is wielding a +0 whip.
The orc wizard is engulfed in noxious fumes.
The orc wizard appears confused.
Unknown command.
Unknown command.
The orc wizard is engulfed in noxious fumes.
The orc wizard appears confused.
Unknown command.
You catch the helpless orc wizard completely off-guard!
You hit the orc wizard.
The orc wizard is lightly wounded.
The orc warrior is engulfed in blazing flames.
The orc warrior closely misses you.
The orc wizard is engulfed in noxious fumes.
The orc warrior is engulfed in blazing flames.
The orc warrior completely misses you.
Unknown command.
You hit the orc warrior.
The orc warrior is severely wounded.
The orc warrior is engulfed in blazing flames.
The orc warrior hits you with a +0 halberd!!
Ouch! That really hurt!
You die...

?#
########.# #
#...○o○..#.#
#@o°...#(#
#o#.#..).
#oo###o## #
#...#..#
#.#..#..!#


PPP.P #........# ..P.P ####.###.# PPP.P.P#### #.# ## . ...P.....# #.# You could
see an orc warrior (confused), an orc wizard (confused) and 3 orcs.

Vanquished Creatures
  A water moccasin skeleton (D:3)
  Terence (D:3)
  2 dart slugs (D:2)
  5 orcs
  6 endoplasms
  A giant cockroach (D:1)
  A hobgoblin (D:2)
  3 quokkas
  4 ball pythons
  4 bats
  2 frilled lizards (D:2)
  5 goblins
  A kobold (D:1)
  4 rats
40 creatures vanquished.

Notes
Turn   | Place    | Note
-------+----------+-------------------------------------------
     0 | D:1      | pokeman the Deep Elf Hedge Wizard began the quest for the
                  | Orb.
     0 | D:1      | Reached XP level 1. HP: 10/10 MP: 7/7
   117 | D:1      | Found Guuth's Magic Scroll Boutique.
   419 | D:1      | Reached XP level 2. HP: 15/15 MP: 6/9
   858 | D:2      | Found a faded altar of an unknown god.
   917 | D:2      | Found Nurunt's Magic Scroll Emporium.
  1074 | D:2      | Reached skill level 5 in Spellcasting
  1172 | D:2      | Found a blossoming altar of Fedhas.
  1447 | D:2      | Reached XP level 3. HP: 12/20 MP: 4/11
  1451 | D:2      | Learned a level 3 spell: Mephitic Cloud
  1454 | D:2      | Learned a level 2 spell: Call Imp
  1457 | D:2      | Learned a level 2 spell: Blink
  1461 | D:2      | Learned a level 3 spell: Conjure Flame
  1811 | D:3      | Noticed Terence
  2002 | D:3      | Reached skill level 1 in Fighting
  2002 | D:3      | Reached skill level 1 in Armour
  2002 | D:3      | Reached XP level 4. HP: 19/25 MP: 8/13
  2232 | D:3      | Killed Terence
  2633 | D:3      | Noticed an orc warrior
  2652 | D:3      | Mangled by an orc warrior

Illustrated notes

Levels and vault maps discovered:
D:1:      lemuel_arrival_broad_hall, layout_loops_ring, serial_shops,
          nicolae_shop_crystal, minmay_misc_feat_roman, minmay_hexomino_p4
D:2:      layout_basic, serial_shops, shop, nicolae_ecumenical_pavilion,
          basic_altar
D:3:      layout_loops_cross, nicolae_overflow_crystal_walls, minmay_hedge_maze,
          serial_park_tiny_1, uniq_terence

Skill      XL: |  1  2  3 |
---------------+----------+-----
Spellcasting   | 5 |  5.8
Fighting       | 1 |  1.2
Armour         | 1 |  1.2
Conjurations   | 2 |  2.3
Dodging        | |  2.6
Stealth        | |  2.4
Summonings     | |  1.1
Translocations | |  1.1
Fire Magic     | |  0.5

Action                   |  1- 3 |  4- 6 || total
-------------------------+-------+-------++-------
Melee: Mace              |     2 |     5 ||     7
 Cast: Magic Dart        |    76 |    20 ||    96
       Conjure Flame     |     1 |     3 ||     4
       Mephitic Cloud    |       |     4 ||     4
       Blink             |       |     1 ||     1
 Stab: Confused          |       |     1 ||     1
Armor: Robe              |     2 |       ||     2
       Leather armour    |       |     2 ||     2
Dodge: Dodged            |     6 |     9 ||    15

Table legend: (Time is in decaauts)
 A = Elapsed time spent in this place.
 B = Non-inter-level travel time spent in this place.
 C = Inter-level travel time spent in this place.
 D = Time resting spent in this place.
 E = Time spent auto-exploring this place.
 F = Levels seen in this place.
 G = Mean time per level.
                   A        B        C        D        E       F      G
               +--------+--------+--------+--------+--------+-----+--------+
         Total |   2656 |   2588 |     68 |    305 |   1962 |   3 |  885.3 |
       Dungeon |   2656 |   2588 |     68 |    305 |   1962 |   3 |  885.3 |
               +--------+--------+--------+--------+--------+-----+--------+

Top non-repeatable levels by time:
     D:2: 1244 daAuts
     D:1: 857 daAuts
     D:3: 554 daAuts
